[Event "Titled Tuesday Blitz March 22 Early 2022"]
[White "Krysa, Leandro"]
[Black "Aydin, Gulenay"]
[WhiteFideId "116807"]
[BlackFideId "34557431"]
[WhiteElo "2490"]
[BlackElo "1429"]
[Result "1-0"]
[Round "04"]
[TimeControl "180+1"]
[Date "2022.03.22"]
[WhiteClock "0:00:12"]
[BlackClock "0:00:03"]

1. e4 c5 2. Nf3 d6 3. d4 cxd4 4. Nxd4 Nf6 5. Nc3 g6 6. Be2 Bg7 7. Be3 a6 8. g4 b5 9. g5 Nfd7 10. a3 Bb7 11. f4 Nc6 12. Qd2 Rc8 13. h4 Nc5 14. h5 Nxd4 15. Bxd4 e5 16. h6 Bf8 17. fxe5 Nxe4 18. Nxe4 Bxe4 19. exd6 Bxh1 20. Qe3+ Kd7 21. Bg4+ Kc6 22. O-O-O Bxd6 23. Rxh1 Re8 24. Qf3+ Kc7 25. Bxc8 Qxg5+ 26. Kb1 Kxc8 27. Qxf7 Qe7 28. Qd5 Kc7 29. Rd1 Qe4 30. Bb6+ Kxb6 31. Qxd6+ Kb7 32. Qd7+ Kb8 33. Qxh7 Qb7 34. Qxg6 Rh8 35. Qd6+ Qc7 36. Qxc7+ Kxc7 37. Rh1 Rh7 38. Rh5 Kd6 39. Kc1 Kc6 40. Kd2 Kd6 41. Kc3 Kc6 42. a4 bxa4 43. Kb4 Kb6 44. Kxa4 Kc6 45. c4 Kb7 46. b4 Ka7 47. Ka5 Kb7 48. c5 Ka7 49. Rg5 Rxh6 50. Rg7+ Kb8 51. Rd7 Kc8 52. Rd6 Rh1 53. Rxa6 Ra1+ 54. Kb5 Rh1 55. Rd6 Kb7 56. Rd7+ Kc8 57. Rg7 Rh6 58. c6 Rh5+ 59. Kb6 Rh8 60. Ra7 Rd8 61. Ra8# 1-0


[Site "https://www.chess.com"]

[Event "Titled Tuesday Blitz March 22 Early 2022"]
[White "Kubicka, Anna"]
[Black "Abarca Gonzalez, Nicolas"]
[WhiteFideId "1152254"]
[BlackFideId "3409422"]
[WhiteElo "2000"]
[BlackElo "2504"]
[Result "0-1"]
[Round "04"]
[TimeControl "180+1"]
[Date "2022.03.22"]
[WhiteClock "0:00:05"]
[BlackClock "0:01:00"]

1. e4 c5 2. Ne2 Nc6 3. g3 Nd4 4. Bg2 g6 5. c3 Nxe2 6. Qxe2 Bg7 7. O-O h5 8. Na3 h4 9. d4 cxd4 10. cxd4 hxg3 11. hxg3 d5 12. e5 Nh6 13. Qb5+ Kf8 14. Qxd5 Be6 15. Qxb7 Rb8 16. Qxa7 Nf5 17. d5 Bxe5 18. dxe6 Nxg3 19. fxg3 Bd4+ 20. Be3 Bxa7 21. Rxf7+ Kg8 22. Bxa7 Rxb2 23. Raf1 Rh5 24. Nc4 Rxg2+ 25. Kxg2 Qa8+ 26. R1f3 Qxa7 27. Rf8+ Kg7 28. R3f7+ Kh6 29. Ne3 Qxe3 30. Rf3 Qxe6 31. Rf2 Qh3+ 32. Kf3 Rf5+ 33. Ke3 Rxf8 34. Rxf8 Qe6+ 0-1


[Site "https://www.chess.com"]

[Event "Titled Tuesday Blitz March 22 Early 2022"]
[White "Kulkarni, Rakesh"]
[Black "Yeletsky, Ivan"]
[WhiteFideId "5037077"]
[BlackFideId "24180327"]
[WhiteElo "2246"]
[BlackElo "2303"]
[Result "0-1"]
[Round "04"]
[TimeControl "180+1"]
[Date "2022.03.22"]
[WhiteClock "0:00:20"]
[BlackClock "0:00:58"]

1. e4 e5 2. d4 exd4 3. Qxd4 Nc6 4. Qe3 Nf6 5. Nc3 Bb4 6. Bd2 O-O 7. O-O-O Re8 8. Qg3 Rxe4 9. a3 Bd6 10. f4 Bc5 11. Bd3 d5 12. Nxe4 dxe4 13. Bc4 Qe7 14. Bc3 Ng4 15. Nh3 Be6 16. Bxe6 Qxe6 17. Rhe1 h6 18. f5 Qxf5 19. Rf1 Qe6 20. Nf4 Qa2 21. b4 Be3+ 22. Rd2 Qxa3+ 23. Bb2 Bxd2+ 24. Kxd2 Qxb2 25. Qxg4 Rd8+ 26. Ke1 e3 27. Nh5 Qc3+ 28. Ke2 Rd2+ 29. Kf3 Ne5+ 0-1


[Site "https://www.chess.com"]

[Event "Titled Tuesday Blitz March 22 Early 2022"]
[White "Ladan, Nicholas"]
[Black "Kouskoutis, Georgios-Alexandros"]
[WhiteFideId "30918855"]
[BlackFideId "4234049"]
[WhiteElo "2167"]
[BlackElo "2130"]
[Result "1/2-1/2"]
[Round "04"]
[TimeControl "180+1"]
[Date "2022.03.22"]
[WhiteClock "0:00:10"]
[BlackClock "0:00:06"]

1. d4 Nf6 2. Bf4 d5 3. Nf3 c5 4. e3 Nc6 5. Nbd2 Bg4 6. c3 Qb6 7. Qb3 c4 8. Qc2 e6 9. e4 Be7 10. Be2 O-O 11. e5 Bf5 12. Qc1 Ne4 13. Nf1 f6 14. Ne3 fxe5 15. Nxe5 Nxe5 16. Bxe5 Bd6 17. f3 Nf6 18. Nxf5 exf5 19. f4 Ne4 20. O-O Bxe5 21. fxe5 g6 22. Bf3 Qe6 23. Bxe4 fxe4 24. Qg5 Kg7 25. h4 h6 26. Qg3 Rxf1+ 27. Rxf1 Rf8 28. Rxf8 Kxf8 29. Qf4+ Kg7 30. g4 h5 31. gxh5 gxh5 32. Qg5+ Qg6 33. Qxg6+ Kxg6 34. Kf2 Kf5 35. Ke3 b5 36. a3 a5 37. Kf2 Ke6 38. Ke3 Kf5 39. Kf2 Ke6 40. Ke3 Kf5 1/2-1/2


[Site "https://www.chess.com"]

[Event "Titled Tuesday Blitz March 22 Early 2022"]
[White "Lagunov, Evgenij"]
[Black "Rastbod, Ali"]
[WhiteFideId "4125363"]
[BlackFideId "12567477"]
[WhiteElo "2200"]
[BlackElo "2200"]
[Result "0-1"]
[Round "04"]
[TimeControl "180+1"]
[Date "2022.03.22"]
[WhiteClock "0:00:03"]
[BlackClock "0:00:03"]

1. e4 e6 2. d4 d5 3. Bd3 dxe4 4. Bxe4 Nf6 5. Bf3 c5 6. c3 Nc6 7. Ne2 e5 8. Bxc6+ bxc6 9. O-O cxd4 10. cxd4 e4 11. Bg5 Bd6 12. h3 O-O 13. Nbc3 Re8 14. Re1 h6 15. Bh4 e3 16. fxe3 Rxe3 17. Bf2 Re8 18. Ng3 Be6 19. Qd3 Rb8 20. Re2 Nd5 21. Nxd5 Bxd5 22. Nf5 Rxe2 23. Qxe2 Bf8 24. b3 Qf6 25. Qg4 Be6 26. Qf4 Rd8 27. g4 Bxf5 28. Qxf5 Qd6 29. Re1 g6 30. Qe5 Qd7 31. Bh4 Rc8 32. Bf6 Bd6 33. Qe3 Kh7 34. Kg2 c5 35. d5 Qb7 36. Qf3 Bf8 37. Be7 Kg8 38. d6 Qd7 39. Rf1 Qe6 40. Bxf8 Rxf8 41. Rd1 Rd8 0-1


[Site "https://www.chess.com"]

[Event "Titled Tuesday Blitz March 22 Early 2022"]
[White "Le, Tuan Minh"]
[Black "Neiksans, Arturs"]
[WhiteFideId "12401153"]
[BlackFideId "11601388"]
[WhiteElo "2450"]
[BlackElo "2447"]
[Result "1-0"]
[Round "04"]
[TimeControl "180+1"]
[Date "2022.03.22"]
[WhiteClock "0:00:06"]
[BlackClock "0:00:03"]

1. d4 f5 2. e4 fxe4 3. Nc3 Nf6 4. Bg5 g6 5. f3 d5 6. fxe4 dxe4 7. Bc4 Bg7 8. Nge2 Nc6 9. Qd2 Na5 10. Bb5+ c6 11. Ba4 Nc4 12. Qc1 O-O 13. Bb3 Be6 14. O-O Qd7 15. Bh6 Rad8 16. Qg5 b5 17. Bxg7 Kxg7 18. Kh1 Nxb2 19. Rae1 Nc4 20. Nf4 Bd5 21. h3 a6 22. Nce2 Rf7 23. Ng3 Rdf8 24. a4 Kh8 25. Qh6 Kg8 26. Qg5 Nb6 27. axb5 axb5 28. Nxd5 cxd5 29. Nf5 Kh8 30. Nh6 Rg7 31. Rf4 Nc4 32. Ref1 Nd2 33. Rxf6 exf6 34. Qxd2 f5 35. Ng4 Re7 36. Ne5 Qd6 37. Qf4 Kg7 38. Ra1 h6 39. h4 Qf6 40. Bxd5 g5 41. Qg3 f4 42. Qg4 e3 43. Bf3 Qe6 44. Qh5 Qf6 45. Be2 gxh4 46. Nf3 Qg6 47. Qxh4 Rf5 48. Qxe7+ Rf7 49. Qe5+ Kh7 50. Bd3 1-0


[Site "https://www.chess.com"]

[Event "Titled Tuesday Blitz March 22 Early 2022"]
[White "Lou, Yiping"]
[Black "Vokhidov, Shamsiddin"]
[WhiteFideId "8603928"]
[BlackFideId "14204223"]
[WhiteElo "2412"]
[BlackElo "2611"]
[Result "1/2-1/2"]
[Round "04"]
[TimeControl "180+1"]
[Date "2022.03.22"]
[WhiteClock "0:01:56"]
[BlackClock "0:02:02"]

1. e4 c5 2. Nf3 e6 3. d4 cxd4 4. Nxd4 Nf6 5. Nc3 Nc6 6. Nxc6 bxc6 7. e5 Nd5 8. Ne4 Qc7 9. f4 Qb6 10. c4 Bb4+ 11. Ke2 f5 12. exf6 Nxf6 13. Be3 Qd8 14. Nd6+ Bxd6 15. Qxd6 Bb7 16. Kd1 c5 17. Qxc5 Rc8 18. Qxa7 Qc7 19. Qb6 Qb8 20. Qa7 Qc7 21. Qb6 Qb8 22. Qa7 Qc7 1/2-1/2


[Site "https://www.chess.com"]

[Event "Titled Tuesday Blitz March 22 Early 2022"]
[White "Maltsevskaya, Aleksandra"]
[Black "Mkrtchyan, Mariam"]
[WhiteFideId "24174041"]
[BlackFideId "13310828"]
[WhiteElo "2241"]
[BlackElo "1984"]
[Result "1/2-1/2"]
[Round "04"]
[TimeControl "180+1"]
[Date "2022.03.22"]
[WhiteClock "0:00:07"]
[BlackClock "0:00:03"]

1. e4 c6 2. Nc3 d5 3. Nf3 dxe4 4. Nxe4 Nf6 5. Qe2 Nxe4 6. Qxe4 Qd5 7. Qh4 Qf5 8. c3 Qg4 9. d4 Qxh4 10. Nxh4 Nd7 11. Bd3 e5 12. Be3 g6 13. dxe5 Nxe5 14. Be2 Be7 15. Nf3 Nxf3+ 16. Bxf3 O-O 17. O-O Bf6 18. Rfe1 Be6 19. a4 Rfd8 20. a5 a6 21. Bb6 Rd2 22. Re2 Rxe2 23. Bxe2 Re8 24. Kf1 Bd5 25. f3 Be5 26. g3 f5 27. Kf2 Kf7 28. Rd1 Bf6 29. c4 Be6 30. b4 Bc3 31. b5 axb5 32. cxb5 cxb5 33. Bxb5 Ra8 34. Kg2 h5 35. Bd7 Kf6 36. Rd6 Ke7 37. Rxe6+ Kxd7 38. Rxg6 Bxa5 39. Be3 Bd8 40. Rg7+ Kc6 41. Rf7 Ra5 42. Rh7 Rd5 43. Rxh5 b5 44. g4 fxg4 45. fxg4 b4 46. Rh6+ Kb5 47. Rh7 Kc6 48. Rf7 b3 49. Rf1 b2 50. Kf3 Rb5 51. Rb1 Bf6 52. Ke4 Rb4+ 53. Kf5 Bc3 54. g5 Kb5 55. g6 Ka4 56. h4 Kb3 57. h5 Ka2 58. Rf1 b1=Q+ 59. Rxb1 Kxb1 60. h6 Rb7 61. Bg5 Kc2 62. Bf4 Kd3 63. Be5 Rb5 64. g7 Rxe5+ 65. Kg6 Re8 66. Kf7 Bxg7 67. hxg7 Rc8 68. g8=Q Rxg8 69. Kxg8 1/2-1/2


[Site "https://www.chess.com"]

[Event "Titled Tuesday Blitz March 22 Early 2022"]
[White "Mangialardo, Tiago Carvalho"]
[Black "Kotepalli, Sai Nirupama"]
[WhiteFideId "2130718"]
[BlackFideId "5039444"]
[WhiteElo "2083"]
[BlackElo "2382"]
[Result "0-1"]
[Round "04"]
[TimeControl "180+1"]
[Date "2022.03.22"]
[WhiteClock "0:00:03"]
[BlackClock "0:01:07"]

1. e4 c5 2. Nf3 e6 3. d4 cxd4 4. Nxd4 Nf6 5. Nc3 Nc6 6. Be3 Bb4 7. Bd3 d5 8. O-O Bxc3 9. bxc3 O-O 10. exd5 Qxd5 11. Qf3 e5 12. Qxd5 Nxd5 13. Nb5 a6 14. Nd6 Nxc3 15. Bd2 Nd5 16. Nxc8 Raxc8 17. Rab1 b5 18. Rfe1 Rfe8 19. Be4 Nf6 20. Bd3 Nd4 21. Rb2 e4 22. Bf1 Nxc2 23. Rc1 Nd4 24. Re1 h6 25. Bb4 Nc2 26. Re2 Nxb4 27. Rxb4 Rc1 28. g3 Rd8 29. Kg2 Rdd1 0-1


[Site "https://www.chess.com"]

[Event "Titled Tuesday Blitz March 22 Early 2022"]
[White "Manolache, Marius"]
[Black "Dixit, Nikhil"]
[WhiteFideId "1201530"]
[BlackFideId "5059534"]
[WhiteElo "2389"]
[BlackElo "2223"]
[Result "1/2-1/2"]
[Round "04"]
[TimeControl "180+1"]
[Date "2022.03.22"]
[WhiteClock "0:01:03"]
[BlackClock "0:00:21"]

1. d4 Nf6 2. c4 g6 3. Nc3 Bg7 4. e4 d6 5. f3 O-O 6. Be3 c5 7. Nge2 Nc6 8. Qd2 a6 9. Rd1 cxd4 10. Nxd4 Nxd4 11. Bxd4 Bd7 12. a3 Qa5 13. Be2 b5 14. c5 Be6 15. cxd6 exd6 16. O-O b4 17. Nd5 Nxd5 18. Bxg7 Kxg7 19. exd5 Qb6+ 20. Kh1 Bd7 21. axb4 Rfb8 22. Qc3+ Kg8 23. Rd4 Bb5 24. Bc4 Bxc4 25. Rxc4 Qb5 26. Rd1 Re8 27. Qd3 Rac8 28. b3 Rxc4 29. Qxc4 Rb8 30. Rd4 Qxc4 31. Rxc4 Rb5 32. Rd4 a5 33. bxa5 Rxb3 34. h4 Ra3 35. Kh2 Rxa5 36. g4 h6 37. g5 hxg5 38. hxg5 Kf8 39. Kg3 Ra1 40. Kf4 Re1 41. Rb4 Rd1 42. Ke4 Re1+ 43. Kf4 Rd1 44. Ke4 Re1+ 45. Kf4 1/2-1/2


[Site "https://www.chess.com"]

[Event "Titled Tuesday Blitz March 22 Early 2022"]
[White "Manukian, Artak"]
[Black "Kornyukov, Alexey"]
[WhiteFideId "13301373"]
[BlackFideId "4150457"]
[WhiteElo "2438"]
[BlackElo "2303"]
[Result "1-0"]
[Round "04"]
[TimeControl "180+1"]
[Date "2022.03.22"]
[WhiteClock "0:01:09"]
[BlackClock "0:00:35"]

1. e4 c5 2. Nf3 Nc6 3. c3 e5 4. Bc4 Be7 5. d4 exd4 6. cxd4 cxd4 7. Nxd4 Nf6 8. Nf5 Nxe4 9. Nxg7+ Kf8 10. Bh6 Qa5+ 11. Kf1 Bg5 12. Ne6+ Ke7 13. Nxg5 Nxg5 14. Nc3 Ne6 15. Nd5+ Kd8 16. Qh5 Qc5 17. Qh4+ Ke8 18. Nf6+ Kd8 19. Bxe6 dxe6 20. Ne4+ Qe7 21. Bg5 1-0


[Site "https://www.chess.com"]

[Event "Titled Tuesday Blitz March 22 Early 2022"]
[White "Martin Duque, Jesus"]
[Black "Mekhane, Adam"]
[WhiteFideId "2208954"]
[BlackFideId "36050601"]
[WhiteElo "2243"]
[BlackElo "2002"]
[Result "1-0"]
[Round "04"]
[TimeControl "180+1"]
[Date "2022.03.22"]
[WhiteClock "0:01:50"]
[BlackClock "0:00:02"]

1. Nf3 Nf6 2. b3 g6 3. Bb2 Bg7 4. g3 O-O 5. Bg2 d6 6. d4 Nbd7 7. O-O Qe8 8. Re1 Ne4 9. Nfd2 Nxd2 10. Qxd2 e5 11. c4 exd4 12. Bxd4 Bxd4 13. Qxd4 Qe5 14. e3 Re8 15. Nc3 Qxd4 16. exd4 Nf6 17. Nb5 Bd7 18. Nxc7 Rxe1+ 19. Rxe1 Rc8 20. Nd5 Nxd5 21. Bxd5 Bc6 22. Bxc6 Rxc6 23. Re7 Rb6 24. Kg2 Kf8 25. Rc7 h5 26. h4 Kg7 27. Kf3 Kf6 28. Ke4 Ra6 29. Rxb7 Rxa2 30. f3 Rb2 31. g4 a5 32. g5+ Kg7 33. Rb5 Kf8 34. f4 Ke7 35. f5 gxf5+ 36. Kxf5 Rf2+ 37. Ke4 Rh2 38. Rxa5 Rxh4+ 39. Kd5 Rg4 40. Ra7+ Kf8 41. Kxd6 Rxg5 42. c5 h4 43. c6 Rg6+ 44. Kd7 h3 45. c7 h2 46. c8=Q+ Kg7 47. Ra1 f5 48. Rh1 f4 49. Ke7 f3 50. Qf8+ 1-0


[Site "https://www.chess.com"]

[Event "Titled Tuesday Blitz March 22 Early 2022"]
[White "Martinez Alcantara, Jose Eduardo"]
[Black "Fernandez, Daniel Howard"]
[WhiteFideId "3805662"]
[BlackFideId "5801605"]
[WhiteElo "2690"]
[BlackElo "2466"]
[Result "1-0"]
[Round "04"]
[TimeControl "180+1"]
[Date "2022.03.22"]
[WhiteClock "0:01:32"]
[BlackClock "0:01:04"]

1. e4 c5 2. Nf3 d6 3. c3 Nf6 4. h3 Nbd7 5. Bd3 b6 6. Bc2 Bb7 7. d3 e6 8. O-O Be7 9. Nbd2 O-O 10. Re1 b5 11. d4 cxd4 12. cxd4 Rc8 13. Bd3 a6 14. Nf1 e5 15. d5 Nc5 16. Bb1 Re8 17. Ng3 Bf8 18. b3 a5 19. Be3 b4 20. Bd3 Nxd3 21. Qxd3 Nd7 22. Rac1 Nc5 23. Bxc5 Rxc5 24. Rxc5 dxc5 25. Qb5 Bc8 26. Nf1 Bd7 27. Qd3 a4 28. Ne3 f6 29. Qc2 Qa5 30. Nc4 Qa6 31. Nfd2 Ra8 32. Nf1 Bb5 33. Nfe3 axb3 34. axb3 Qa2 35. Qd3 Ra3 36. d6 Ra8 37. Nc2 Bc6 38. Ra1 Qxa1+ 39. Nxa1 Rxa1+ 40. Kh2 Ra7 41. Nb6 1-0


[Site "https://www.chess.com"]

[Event "Titled Tuesday Blitz March 22 Early 2022"]
[White "Matlakov, Maxim"]
[Black "Rosen, Eric"]
[WhiteFideId "4168003"]
[BlackFideId "2032562"]
[WhiteElo "2669"]
[BlackElo "2362"]
[Result "1-0"]
[Round "04"]
[TimeControl "180+1"]
[Date "2022.03.22"]
[WhiteClock "0:01:20"]
[BlackClock "0:00:01"]

1. Nf3 d5 2. g3 Nf6 3. Bg2 e6 4. O-O Be7 5. c4 d4 6. e3 c5 7. exd4 cxd4 8. d3 Nc6 9. Re1 Nd7 10. Na3 O-O 11. Nc2 e5 12. b4 Nxb4 13. Nxe5 Nxe5 14. Rxe5 Bf6 15. Re1 Nxc2 16. Qxc2 Qa5 17. Bd2 Qa6 18. Rab1 h6 19. h4 Rd8 20. Bf4 Qa5 21. Qd2 Qxd2 22. Bxd2 Bf5 23. Rb3 Rd7 24. Bxb7 Rad8 25. Bc6 Rc7 26. Ba5 Rxc6 27. Bxd8 Bxd8 28. Re8+ Kh7 29. Rxd8 Ra6 30. a3 g5 31. Rxd4 Re6 32. Rb1 Re2 33. Rc1 Be6 34. c5 Ra2 35. c6 Rxa3 36. c7 a5 37. hxg5 hxg5 38. c8=Q Bxc8 39. Rxc8 Kg6 40. Rc5 Ra1+ 41. Kg2 a4 42. Rd6+ Kh5 43. f3 f6 44. Rxf6 1-0


[Site "https://www.chess.com"]

[Event "Titled Tuesday Blitz March 22 Early 2022"]
[White "Melikhov, Evgeny V."]
[Black "Dwilewicz, Katarzyna"]
[WhiteFideId "4122046"]
[BlackFideId "1148486"]
[WhiteElo "1945"]
[BlackElo "1907"]
[Result "0-1"]
[Round "04"]
[TimeControl "180+1"]
[Date "2022.03.22"]
[WhiteClock "0:01:08"]
[BlackClock "0:01:10"]

1. d4 Nf6 2. c4 b6 3. Nc3 Bb7 4. d5 e6 5. e4 exd5 6. cxd5 Bb4 7. Bd3 O-O 8. Nf3 c6 9. O-O Bxc3 10. bxc3 cxd5 11. Bg5 dxe4 12. Bc2 exf3 13. Qd4 h6 14. Bh4 Nc6 15. Qf4 Qb8 16. Qf5 Qe5 17. Qd3 Qe2 18. Qf5 Ne7 19. Qf4 Qxc2 20. Bxf6 Qg6 21. g3 Qxf6 22. Qb4 Ng6 23. Rfe1 Rfe8 24. Rad1 Qf5 0-1


[Site "https://www.chess.com"]

[Event "Titled Tuesday Blitz March 22 Early 2022"]
[White "MikeKorovin"]
[Black "Garagulya, Konstantin"]
[BlackFideId "4128931"]
[WhiteElo "2739"]
[BlackElo "2329"]
[Result "1-0"]
[Round "04"]
[TimeControl "180+1"]
[Date "2022.03.22"]
[WhiteClock "0:01:17"]
[BlackClock "0:00:02"]

1. Nf3 Nf6 2. b3 e6 3. Bb2 d5 4. d3 a5 5. a3 Bd6 6. Nbd2 O-O 7. e4 Nbd7 8. e5 Be7 9. exf6 Bxf6 10. Bxf6 Qxf6 11. d4 c5 12. c3 e5 13. dxe5 Nxe5 14. Be2 Nxf3+ 15. Nxf3 Qxc3+ 16. Nd2 Be6 17. O-O a4 18. Rc1 Qa5 19. bxa4 Rfc8 20. Nb3 Qa7 21. Bf3 b6 22. Nd2 Qxa4 23. Qxa4 Rxa4 24. Rb1 Rxa3 25. Rxb6 c4 26. Rc1 g5 27. h3 Kg7 28. Bg4 Bxg4 29. hxg4 Rc5 30. Nf3 h6 31. Nd4 c3 32. Rb3 Rxb3 33. Nxb3 Rc4 34. Kf1 Rxg4 35. Rxc3 Rb4 36. Rd3 Kf6 37. g3 h5 38. Nd2 1-0


[Site "https://www.chess.com"]

[Event "Titled Tuesday Blitz March 22 Early 2022"]
[White "Mikhailovsky, Vladimir"]
[Black "Le Ruyet, Leopold"]
[WhiteFideId "34105414"]
[BlackFideId "645923"]
[WhiteElo "2371"]
[BlackElo "2276"]
[Result "1-0"]
[Round "04"]
[TimeControl "180+1"]
[Date "2022.03.22"]
[WhiteClock "0:01:04"]
[BlackClock "0:00:21"]

1. e4 e6 2. d4 d5 3. Nc3 Bb4 4. exd5 exd5 5. Bd3 Nc6 6. Ne2 Nge7 7. a3 Bxc3+ 8. bxc3 Bf5 9. Bf4 Qd7 10. O-O O-O 11. Ng3 Bxd3 12. cxd3 Ng6 13. Qf3 Rfe8 14. h3 Re6 15. Qg4 Nxf4 16. Qxf4 Rae8 17. Rab1 b6 18. Qg4 Ne7 19. Nh5 Ng6 20. f4 f5 21. Qxf5 Rf8 22. Qg4 Rd6 23. f5 Nh8 24. Rbe1 Rh6 25. Re5 c6 26. Rfe1 Rxh5 27. Re7 1-0


[Site "https://www.chess.com"]

[Event "Titled Tuesday Blitz March 22 Early 2022"]
[White "Mikhnenko, Alexander"]
[Black "Voit, Daria"]
[WhiteFideId "34143014"]
[BlackFideId "4182146"]
[WhiteElo "2184"]
[BlackElo "2323"]
[Result "0-1"]
[Round "04"]
[TimeControl "180+1"]
[Date "2022.03.22"]
[WhiteClock "0:00:03"]
[BlackClock "0:00:16"]

1. e4 c6 2. d4 d5 3. Nc3 dxe4 4. Nxe4 Nf6 5. Nxf6+ exf6 6. c3 Bd6 7. Bd3 O-O 8. Qc2 Re8+ 9. Ne2 h5 10. O-O Qc7 11. g3 h4 12. Bf4 Bh3 13. Rfe1 hxg3 14. fxg3 Nd7 15. Bxd6 Qxd6 16. Nf4 Bg4 17. Bf5 Bxf5 18. Qxf5 Nf8 19. Nd3 g6 20. Qf2 Kg7 21. Rxe8 Rxe8 22. Re1 Rxe1+ 23. Qxe1 Qd5 24. Nb4 Qf3 25. Qf2 Qd1+ 26. Qf1 Qd2 27. Qf2 Qc1+ 28. Kg2 Ne6 29. h4 Qb1 30. d5 cxd5 31. Nxd5 f5 32. a3 Qd3 33. Nf4 Qe4+ 34. Kh2 Nxf4 35. gxf4 Kh6 36. Qd4 Qe2+ 37. Kg3 Qg4+ 38. Kf2 Qxh4+ 39. Kf3 Qh1+ 40. Kf2 Qh2+ 41. Kf3 Kh7 42. Qf6 Qh1+ 43. Kf2 Qd5 44. a4 a6 45. a5 Kg8 46. Kg3 Qxa5 47. Kh4 Qc5 48. Qd8+ Kg7 49. Qd4+ Qxd4 50. cxd4 f6 0-1


[Site "https://www.chess.com"]

[Event "Titled Tuesday Blitz March 22 Early 2022"]
[White "Milanovic, Marko"]
[Black "Gabdrakhmanov, Azat"]
[WhiteFideId "980129"]
[BlackFideId "34189197"]
[WhiteElo "2159"]
[BlackElo "2279"]
[Result "0-1"]
[Round "04"]
[TimeControl "180+1"]
[Date "2022.03.22"]
[WhiteClock "0:00:01"]
[BlackClock "0:00:18"]

1. e4 c5 2. Nf3 e6 3. g3 Nc6 4. Bg2 Nf6 5. Qe2 e5 6. O-O Be7 7. c3 O-O 8. d3 Re8 9. a4 Bf8 10. Na3 d5 11. exd5 Nxd5 12. Re1 f6 13. Nc4 Be6 14. Bd2 Qd7 15. a5 Rad8 16. Red1 Bh3 17. Ne3 Bxg2 18. Kxg2 Nf4+ 19. gxf4 exf4 20. Be1 fxe3 21. fxe3 Qg4+ 22. Kf2 Bd6 23. Bd2 Qh5 24. Kg2 Bc7 25. e4 Ne5 26. Bf4 Qg4+ 27. Bg3 Ng6 28. Qf2 Nf4+ 29. Kh1 Nxd3 30. Qe3 Bxg3 31. Rxd3 Bf4 32. Qe2 Rxd3 33. Qxd3 Qe6 34. Re1 Bc7 35. Qe3 b6 36. Nh4 Qe5 37. Nf3 Qd6 38. axb6 axb6 39. Qe2 h5 40. Rd1 Qf4 41. Re1 Kh7 42. Nd2 b5 43. Rf1 Qe5 44. Rf5 Qxf5 45. Qxb5 Rxe4 46. Nxe4 Qxe4+ 47. Kg1 Qe3+ 48. Kg2 Qd2+ 49. Kh3 Qxh2# 0-1


[Site "https://www.chess.com"]

[Event "Titled Tuesday Blitz March 22 Early 2022"]
[White "Milchev, Nikolay"]
[Black "Urazayev, Arystanbek"]
[WhiteFideId "2906090"]
[BlackFideId "13709810"]
[WhiteElo "2449"]
[BlackElo "2393"]
[Result "0-1"]
[Round "04"]
[TimeControl "180+1"]
[Date "2022.03.22"]
[WhiteClock "0:02:16"]
[BlackClock "0:01:50"]

1. Nf3 d5 2. c4 e6 3. g3 dxc4 4. Qa4+ Nd7 5. Qxc4 a6 6. a4 b5 7. Qc2 Bb7 8. Bg2 c5 9. O-O Ngf6 10. Na3 Qb6 11. d3 Be7 12. e4 O-O 13. h3 Rac8 14. Be3 h6 15. Rfc1 Rfd8 16. Qb3 Bc6 17. axb5 axb5 18. Nd2 Qb7 19. f4 c4 20. dxc4 Nc5 21. Bxc5 Bxc5+ 22. Kh2 Rxd2 23. cxb5 Bxe4 24. Rg1 Bxg1+ 25. Rxg1 Bxg2 26. Rxg2 Qxg2# 0-1


[Site "https://www.chess.com"]

[Event "Titled Tuesday Blitz March 22 Early 2022"]
[White "Molina, Roberto Junio Brito"]
[Black "Griffith, Kyron"]
[WhiteFideId "2109450"]
[BlackFideId "2046318"]
[WhiteElo "2432"]
[BlackElo "2232"]
[Result "0-1"]
[Round "04"]
[TimeControl "180+1"]
[Date "2022.03.22"]
[WhiteClock "0:00:46"]
[BlackClock "0:00:55"]

1. d4 Nf6 2. e3 d5 3. Nf3 e6 4. Bd3 c5 5. c3 Nc6 6. Nbd2 Bd6 7. O-O O-O 8. Re1 Qc7 9. dxc5 Bxc5 10. e4 h6 11. b4 Bd6 12. Bb2 Ne5 13. Nxe5 Bxe5 14. g3 dxe4 15. Nxe4 Nxe4 16. Bxe4 Bf6 17. Qf3 a5 18. b5 a4 19. Ba3 Qxc3 20. Rac1 Qxf3 21. Bxf3 Rd8 22. Bc5 a3 23. Rc2 Bb2 24. b6 e5 25. Be3 Be6 26. Bxb7 Rab8 27. Be4 Bxa2 28. b7 Bb3 29. Rce2 Bd5 30. Bxd5 Rxd5 31. Rc2 Rxb7 32. Rc8+ Kh7 33. Ra8 Rbb5 34. Re2 Ra5 0-1


[Site "https://www.chess.com"]

[Event "Titled Tuesday Blitz March 22 Early 2022"]
[White "Moskalenko, Alexander"]
[Black "Obolentseva, Alexandra"]
[WhiteFideId "4155351"]
[BlackFideId "24153648"]
[WhiteElo "2475"]
[BlackElo "2113"]
[Result "1-0"]
[Round "04"]
[TimeControl "180+1"]
[Date "2022.03.22"]
[WhiteClock "0:01:45"]
[BlackClock "0:00:44"]

1. Nf3 Nf6 2. b3 g6 3. Bb2 Bg7 4. g3 O-O 5. Bg2 d5 6. c4 c5 7. cxd5 Qxd5 8. O-O Qh5 9. d4 Nc6 10. dxc5 Qxc5 11. Nbd2 Rd8 12. Rc1 Qa5 13. a3 Bg4 14. b4 Qb6 15. Qb3 Be6 16. Qa4 Rac8 17. Nc4 Qa6 18. Qxa6 bxa6 19. Ne3 Bb3 20. Ne5 Nxe5 21. Bxe5 Nd7 22. Bxg7 Kxg7 23. Bb7 Rb8 24. Bxa6 Rb6 25. Bc4 Bxc4 26. Nxc4 Re6 27. Rfd1 Rxe2 28. Na5 Re6 29. Nb7 Rb8 30. Rxd7 1-0


[Site "https://www.chess.com"]

[Event "Titled Tuesday Blitz March 22 Early 2022"]
[White "Murzin, Volodar"]
[Black "Ljukin, Sergei"]
[WhiteFideId "44155573"]
[BlackFideId "14102200"]
[WhiteElo "2585"]
[BlackElo "2312"]
[Result "0-1"]
[Round "04"]
[TimeControl "180+1"]
[Date "2022.03.22"]
[WhiteClock "0:00:03"]
[BlackClock "0:00:07"]

1. e4 e6 2. d3 d5 3. Nd2 Nf6 4. Ngf3 Be7 5. g3 O-O 6. Bg2 c5 7. O-O Nc6 8. c3 b5 9. Re1 b4 10. e5 Nd7 11. Nf1 bxc3 12. bxc3 Qa5 13. Bd2 Qa3 14. h4 Rb8 15. N1h2 Nb6 16. Ng4 Na4 17. Rc1 Ba6 18. Bg5 Nb2 19. Qd2 Nxd3 20. Bf6 Rfc8 21. Qg5 Bf8 22. Nh6+ Kh8 23. Nxf7+ Kg8 24. Nh6+ Kh8 25. Bh3 Nxe1 26. Nxe1 Re8 27. Ng2 Bd3 28. h5 c4 29. Kh2 Qb2 30. Re1 Qxf2 31. Ng4 Qd2 32. Qxd2 gxf6 33. exf6 d4 34. cxd4 Nxd4 35. Qg5 Nf3+ 36. Kh1 Nxg5 37. Ne5 Nxh3 38. Nf7+ Kg8 39. Ne5 Rb7 40. Nh4 Rf7 41. g4 Rxf6 42. Kg2 Ng5 43. Kg3 Ne4+ 44. Rxe4 Bxe4 0-1


[Site "https://www.chess.com"]

[Event "Titled Tuesday Blitz March 22 Early 2022"]
[White "Namitbir Singh Walia"]
[Black "Saldano Dayer, Horacio"]
[WhiteFideId "35071068"]
[BlackFideId "103411"]
[WhiteElo "1565"]
[BlackElo "2419"]
[Result "0-1"]
[Round "04"]
[TimeControl "180+1"]
[Date "2022.03.22"]
[WhiteClock "0:00:30"]
[BlackClock "0:01:25"]

1. d4 Nf6 2. c4 g6 3. g3 Bg7 4. Bg2 O-O 5. Nf3 d6 6. O-O Bf5 7. Nc3 c6 8. Re1 Ne4 9. Nh4 Nxc3 10. bxc3 Be6 11. Qd3 Qa5 12. e4 Qa6 13. Bf1 Nd7 14. f4 Nb6 15. d5 Bd7 16. a4 cxd5 17. exd5 Rac8 18. a5 Bf6 19. f5 Bxh4 20. gxh4 Bxf5 21. Qd4 Nd7 22. Rxe7 Ne5 23. Bh6 Nf3+ 24. Kf2 Nxd4 25. Bxf8 Kxf8 0-1


[Site "https://www.chess.com"]